 Dungeon Crawl Stone Soup version 0.29.1-12-g30fa7ad0bf (webtiles) character file.

Game seed: 4312461190371872606

408 nightchill the Chopper (level 6, -5/57 HPs)
             Began as a Hill Orc Fighter on Jan 5, 2023.
             Slain by a gnoll
             ... wielding a +0 halberd
              (14 damage)
             ... on level 4 of the Dungeon.
             The game lasted 00:05:14 (3433 turns).

nightchill the Chopper (Hill Orc Fighter)           Turns: 3433, Time: 00:05:14

Health: -5/57      AC:  7    Str: 21    XL:     6   Next: 88%
Magic:  6/6        EV: 10    Int: 15    God:
Gold:   105        SH:  4    Dex:  8    Spells: 5/5 levels left

rFire   . . .      SeeInvis .   a - +0 war axe
rCold   . . .      Faith    .   c - +0 buckler
rNeg    . . .      Spirit   .   y - +1 ring mail "Westry" {rPois Int+7 Dex-2}
rPois   +          Reflect  .   (no helmet)
rElec   .          Harm     .   (no cloak)
rCorr   .          Rampage  .   g - +0 pair of gloves
Will    .....                   (no boots)
Stlth   ..........              (no amulet)
HPRegen 0.19/turn               (no ring)
MPRegen 0.10/turn               (no ring)

@: no status effects
A: no striking features
a: no special abilities


You were on level 4 of the Dungeon.
You visited 1 branch of the dungeon, and saw 4 of its levels.

You collected 105 gold pieces.

Inventory:

Hand Weapons
 a - a +0 war axe (weapon)
 p - a +0 sling of freezing
 z - the +1 hand axe "Texuikk" {freeze, *Rage rPois Will++ Int-4 SInv}
   (You found it on level 3 of the Dungeon)

   It freezes those it strikes, dealing additional cold damage.
   It can also slow down cold-blooded creatures.
   Int:       It affects your intelligence (-4).
   rPois:     It protects you from poison.
   SInv:      It lets you see invisible.
   *Rage:     It berserks you when you make melee attacks (+20% chance).
   Will:      It greatly increases your willpower.
Missiles
 l - 11 poisoned darts (quivered)
Armour
 b - a +0 scale mail
 c - a +0 buckler (worn)
 g - a +0 pair of gloves (worn)
 y - the +1 ring mail "Westry" (worn) {rPois Int+7 Dex-2}
   (You found it on level 3 of the Dungeon)

   Int:       It affects your intelligence (+7).
   Dex:       It affects your dexterity (-2).
   rPois:     It protects you from poison.
Jewellery
 t - a +6 ring of dexterity
Wands
 q - a wand of digging (4)
 s - a wand of charming (11)
Scrolls
 d - a scroll of amnesia {unknown}
 h - 2 scrolls of identify {unknown}
 j - 2 scrolls of fear {unknown}
 k - 2 scrolls of blinking {unknown}
 m - a scroll of acquirement {unknown}
 r - a scroll of silence {unknown}
 v - a scroll of brand weapon {unknown}
 x - a scroll of enchant armour {unknown}
Potions
 e - a potion of flight
 f - 2 potions of heal wounds
 i - 2 potions of lignification {unknown}
 n - a potion of invisibility {unknown}
 o - a potion of brilliance {unknown}
 u - 2 potions of magic {unknown}
 w - 2 potions of curing {unknown}


   Skills:
 + Level 5.9 Fighting
 * Level 7.8 Axes
 - Level 3.2 Armour
 - Level 3.2 Shields


You had 5 spell levels left.
You didn't know any spells.
Your spell library was empty.

Dungeon Overview and Level Annotations

Branches:
Dungeon (4/15)
 Temple: D:4-7

Altars:
Elyvilon
Hepliaklqana

Annotations:
D:3 exclusion: downstairs


Message History

The gnoll closely misses you. You block the gnoll's attack.
You see here a +0 spear.
You slash the gnoll!
The gnoll is severely wounded.
The gnoll misses you. The gnoll barely misses you.
You block the gnoll's attack. The gnoll closely misses you.
You slash the gnoll!
You kill the gnoll!
The gnoll hits you but does no damage.
The gnoll hits you from afar with a +0 halberd!
The gnoll hits you from afar with a +0 halberd!
You block the gnoll's attack.
Items here: $ ) [ †.
You barely miss the gnoll. The gnoll barely misses you.
You block the gnoll's attack.
You hit the gnoll.
The gnoll is heavily wounded.
The gnoll hits you from afar with a +0 halberd!
The gnoll barely misses you.
You are too injured to fight recklessly!
You are too injured to fight recklessly!
You are too injured to fight recklessly!
You barely miss the gnoll.
The gnoll is heavily wounded.
The gnoll hits you from afar with a +0 halberd!
* * * LOW HITPOINT WARNING * * *
The gnoll barely misses you.
Unknown command.
You barely miss the gnoll.
The gnoll is heavily wounded.
The gnoll hits you but does no damage. The gnoll hits you with a +0 halberd.
* * * LOW HITPOINT WARNING * * *
Unknown command.
You hit the gnoll.
The gnoll is almost dead.
The gnoll barely misses you. You block the gnoll's attack.
You closely miss the gnoll.
The gnoll is almost dead.
The gnoll closely misses you. The gnoll hits you with a +0 halberd!
You die...

.....##....###..................#
......#..............###.........
......#.....####...[.# ##......##
......g............### #####..##
.............###.#.# # #####..###
......#....#####...##...........#
.....##......##.g####....###..<..
. #........g.####....##...... ..
........##..@)...............
.......####.....#####....#.......
......# ####....# #....(###.....
...... ##.##.#### ##.##..##......
......##.)#...#####...#..........
.....g...#..#.......#.....#......
......#####...#####...##.##......
....# ##.## ##.###.###..... ...
#.# #.# #.# ##...#


You could see 2 gnolls.

Vanquished Creatures
  An ogre (D:4)
  A scorpion (D:3)
  A hound (D:3)
  A jelly (D:4)
  4 gnolls
  3 adders
  A worm (D:3)
  A dart slug (D:1)
  3 bats
  3 endoplasms
  3 giant cockroaches
  3 goblins
  6 hobgoblins
  11 jackals
  A quokka (D:2)
  3 ball pythons
  3 frilled lizards
  4 kobolds
  7 rats
60 creatures vanquished.

Vanquished Creatures (collateral kills)
  A sky beast (D:4)
  A gnoll (D:4)
2 creatures vanquished.

Grand Total: 62 creatures vanquished

Notes
Turn   | Place    | Note
-------+----------+-------------------------------------------
     0 | D:1      | nightchill the Hill Orc Fighter began the quest for the
                  | Orb.
     0 | D:1      | Reached XP level 1. HP: 19/19 MP: 1/1
    98 | D:1      | Reached skill level 3 in Axes
   101 | D:1      | Reached XP level 2. HP: 24/27 MP: 2/2
   532 | D:1      | Found a faded altar of an unknown god.
   791 | D:2      | Reached skill level 4 in Axes
   891 | D:2      | Reached XP level 3. HP: 33/33 MP: 3/3
  1539 | D:3      | Found a white marble altar of Elyvilon.
  1689 | D:3      | Identified the +1 hand axe "Texuikk" {freeze, *Rage rPois
                  | Will++ Int-4 SInv}
  1833 | D:3      | Found a hazy altar of Hepliaklqana.
  1851 | D:3      | Reached XP level 4. HP: 41/41 MP: 4/4
  1861 | D:3      | Identified the +1 ring mail "Westry" {rPois Int+7 Dex-2}
  2193 | D:4      | Reached skill level 5 in Axes
  2199 | D:4      | HP: 2/41 [gnoll/+0 spear (6)]
  2528 | D:4      | Noticed a scorpion
  2669 | D:3      | Reached XP level 5. HP: 12/47 MP: 5/5
  2670 | D:3      | HP: 2/47 [scorpion (4)]
  2674 | D:3      | Reached skill level 5 in Fighting
  2674 | D:3      | Reached skill level 6 in Axes
  2969 | D:4      | Noticed an ogre
  2985 | D:4      | Killed an ogre
  2986 | D:4      | Reached skill level 7 in Axes
  2986 | D:4      | Reached XP level 6. HP: 27/56 MP: 6/6
  3218 | D:4      | Noticed a sky beast
  3229 | D:4      | Killed a sky beast
  3433 | D:4      | Slain by a gnoll

Illustrated notes

Levels and vault maps discovered:
D:1:      minmay_arrival_loop, layout_rooms, serial_bayou, serial_bayou_shore_a,
          serial_bayou_pond_d, serial_bayou_crossing, serial_bayou_lagoon_a,
          shapermc_ecumenical_altar_notcrosses, minmay_pentomino_w2
D:2:      layout_basic, minmay_misc_feat_enclosed
D:3:      layout_loops_ring, overflow_temple_1_default,
          mainiacjoe_overflow_concentric_impassable
D:4:      layout_rooms, nicolae_overflow_two_pavilions, grunt_decor_cap,
          minmay_misc_feat_tower

Skill      XL: |  1  2  3  4  5 |
---------------+----------------+-----
Axes           | 3 4 5 7 |  7.8
Fighting       | 4 5 |  5.9
Armour         | |  3.2
Shields        | |  3.2

Action                   |  1- 3 |  4- 6 || total
-------------------------+-------+-------++-------
Melee: War axe           |    76 |    74 ||   150
Evoke: Wand              |       |     2 ||     2
  Use: Potion            |       |     3 ||     3
Armor: Scale mail        |    38 |       ||    38
       Ring mail         |       |    52 ||    52
Dodge: Dodged            |    45 |    73 ||   118
Block: Buckler           |    19 |    23 ||    42
